 Dungeon Crawl Stone Soup version 0.29-a0-323-g050149af67 (webtiles) character file.

Game seed: 17932940973606351342

21 zishaf the Shooter (level 2, 0/27 HPs)
             Began as a Naga Hunter on Apr 11, 2022.
             Succumbed to an adder's poison
             ... on level 2 of the Dungeon.
             The game lasted 00:01:58 (638 turns).

zishaf the Shooter (Naga Hunter)                     Turns: 638, Time: 00:01:59

Health: 0/27       AC:  2    Str: 13    XL:     2   Next: 87%
Magic:  2/2        EV:  9    Int:  9    God:
Gold:   64         SH:  0    Dex: 14    Spells: 1/1 levels left

rFire   . . .      SeeInvis +   a - +1 shortbow
rCold   . . .      Faith    .   (shield currently unavailable)
rNeg    . . .      Spirit   .   b - +0 leather armour
rPois   +          Reflect  .   (no helmet)
rElec   .          Harm     .   (no cloak)
rCorr   .          Rampage  .   (no gloves)
Will    .....                   (no barding)
Stlth   ++........              (no amulet)
HPRegen 0.09/turn               (no ring)
MPRegen 0.08/turn               (no ring)

@: lethally poisoned (0 -> -3), very slow
A: AC +0, large, see invisible, deformed body, poison resistance, slowness 2,
spit poison 1, naga tail 1
a: Spit Poison


You were on level 2 of the Dungeon.
You visited 1 branch of the dungeon, and saw 2 of its levels.

You collected 64 gold pieces.

Inventory:

Hand Weapons
 a - a +1 shortbow (weapon)
Armour
 b - a +0 leather armour (worn)
Scrolls
 c - a scroll of immolation
 d - a scroll of fog {unknown}
 e - a scroll of vulnerability {unknown}
 f - a scroll of teleportation {unknown}
 i - a scroll of noise {unknown}
Potions
 g - a potion of curing {unknown}
 h - a potion of brilliance {unknown}


   Skills:
 + Level 2.6 Fighting
 + Level 4.0 Bows
 - Level 1.5 Dodging
 - Level 2.0 Stealth


You had one spell level left.
You didn't know any spells.
Your spell library was empty.

Dungeon Overview and Level Annotations

Branches:
Dungeon (1/15)

Altars:


Innate Abilities, Weirdness & Mutations

Your serpentine skin is tough. (AC +0)
You have supernaturally acute eyesight. (SInv)
Armour fits poorly on your strangely shaped body.
Your system is resistant to poisons. (rPois)
You cover ground very slowly.
You can spit poison.
You have a snake-like lower body.


Message History

The adder bites you. x2
You are poisoned.
The adder poisons you! The worm bites you but does no damage.
You shoot an arrow.
The arrow hits the worm but does no damage.
The worm is severely wounded.
You feel sick. The adder barely misses you. The adder bites you.
You are more poisoned.
The adder poisons you!
Aiming: Spit Poison (2% risk of failure)
Press: ? - help, Shift-Dir - straight line, f - adder, p - worm
Aim: an adder (37% to hit)
The splash of poison hits the adder.
The adder is poisoned.
The adder is moderately wounded.
You feel sick. The adder closely misses you. The worm bites you.
Shoot: a) +1 shortbow
Press: ? - help, Q - select action, (/) - cycle Shift-Dir - straight line, f - worm, p - adder
Aim: a worm (severely wounded, 79% to hit)
You shoot an arrow. The arrow hits the worm.
The worm is almost dead.
You feel sick. The adder barely misses you. The adder closely misses you.
The worm bites you.
* * * LOW HITPOINT WARNING * * *
Shoot: a) +1 shortbow
Press: ? - help, Q - select action, (/) - cycle Shift-Dir - straight line, f/p - worm
Aim: a worm (severely wounded, 79% to hit)
You shoot an arrow. The arrow hits the worm.
You kill the worm!
* * * LOW HITPOINT WARNING * * *
You feel sick. The adder bites you.
* * * LOW HITPOINT WARNING * * *
The adder bites you.
* * * LOW HITPOINT WARNING * * *
Your Bows skill increases to level 4!
Shoot: a) +1 shortbow
Press: ? - help, Q - select action, (/) - cycle Shift-Dir - straight line, f - adder
Aim: an adder (heavily wounded, poisoned, 46% to hit)
You shoot an arrow. The arrow closely misses the adder.
You have got your breath back.
You die...

$. #.##
###..#+##
#.......#
#.......#
#.......#
#...S...#
#...@...#
#.......#
.........>.#
......###+##
......
...... .....
.....


You could see an adder (poisoned).

Vanquished Creatures
  A worm (D:2)
  2 endoplasms (D:1)
  A goblin (D:1)
  A hobgoblin (D:1)
  A quokka (D:1)
  3 ball pythons (D:1)
  3 bats (D:1)
  A frilled lizard (D:1)
  3 kobolds (D:1)
  2 rats (D:1)
18 creatures vanquished.

Notes
Turn   | Place    | Note
-------+----------+-------------------------------------------
     0 | D:1      | zishaf the Naga Hunter began the quest for the Orb.
     0 | D:1      | Reached XP level 1. HP: 19/19 MP: 1/1
   395 | D:1      | Reached XP level 2. HP: 25/26 MP: 2/2
   628 | D:1      | You fall into a shaft and drop 1 floor!
   638 | D:2      | Reached skill level 4 in Bows
   638 | D:2      | Succumbed to an adder's poison

Illustrated notes

Levels and vault maps discovered:
D:1:      psy_arrival_radial02, layout_basic, serial_glass, glass_columns_b,
          glass_columns_c, glass_columns_a, glass_columns_c
D:2:      layout_basic, minmay_rat_gold_closets

Skill      XL: |  1  2 |
---------------+-------+-----
Stealth        | 2 |  2.0
Bows           | 4 |  4.0
Fighting       | |  2.6
Dodging        | |  1.5

Action                   || total
-------------------------++-------
 Fire: Shortbow          ||    45
 Abil: Spit Poison       ||     4
Armor: Leather armour    ||    10
Dodge: Dodged            ||    14

Table legend: (Time is in decaauts)
 A = Elapsed time spent in this place.
 B = Non-inter-level travel time spent in this place.
 C = Inter-level travel time spent in this place.
 D = Time resting spent in this place.
 E = Time spent auto-exploring this place.
 F = Levels seen in this place.
 G = Mean time per level.
                   A        B        C        D        E       F      G
               +--------+--------+--------+--------+--------+-----+--------+
         Total |    755 |    755 |      0 |    179 |    445 |   2 |  377.5 |
       Dungeon |    755 |    755 |      0 |    179 |    445 |   2 |  377.5 |
               +--------+--------+--------+--------+--------+-----+--------+

Top non-repeatable levels by time:
     D:1: 743 daAuts
     D:2: 12 daAuts
